[Event "Early-Titled-Tuesday-Blitz-February-27-2024"]
[Site "Chess.com"]
[Date "2024.02.27"]
[Round "7"]
[White "jamengrand"]
[Black "maciek_92"]
[Result "0-1"]
[WhiteElo "2413"]
[BlackElo "2840"]
[TimeControl "180+1"]
[EndTime "9:14:56 PST"]
[Termination "maciek_92 won by resignation"]

1. e4 c5 2. Nf3 e6 3. d4 cxd4 4. Bg5 Qa5+ 5. c3 Nf6 6. Bd3 Nc6 7. O-O dxc3 8. Nxc3 Be7 9. Re1 d6 10. Rc1 h6 11.
Bd2 Qd8 12. h3 O-O 13. Be3 e5 14. Nd5 Nxd5 15. exd5 Nb4 16. Bb1 f5 17. Qb3 Na6 18. Nxe5 dxe5 19. d6+ Kh8 20. dxe7 Qxe7 21. Bd3 b6 22.
Rc6 Nb4 23. Qa3 Nxc6 0-1

[Event "Early-Titled-Tuesday-Blitz-February-27-2024"]
[Site "Chess.com"]
[Date "2024.02.27"]
[Round "7"]
[White "amanjazu"]
[Black "LikeWater"]
[Result "1-0"]
[WhiteElo "2526"]
[BlackElo "2698"]
[TimeControl "180+1"]
[EndTime "9:14:56 PST"]
[Termination "amanjazu won on time"]

1. g3 e6 2. Bg2 d5 3. f4 h5 4. Nf3 h4 5. Nxh4 Rxh4 6. gxh4 Qxh4+ 7. Kf1 Qxf4+ 8. Kg1 Nf6 9. d4 Qh4 10. Nc3 c5 11.
Nb5 cxd4 12. Nc7+ Kd8 13. Nxa8 Bc5 14. Bd2 Ng4 15. Qe1 d3+ 16. e3 Qh6 17. Qg3 Nxe3 18. Qc7+ Ke8 19. Qxc8+ Ke7 20. Qxc5+ 1-0

[Event "Early-Titled-Tuesday-Blitz-February-27-2024"]
[Site "Chess.com"]
[Date "2024.02.27"]
[Round "7"]
[White "Licancabur"]
[Black "Semen16"]
[Result "0-1"]
[WhiteElo "2487"]
[BlackElo "2731"]
[TimeControl "180+1"]
[EndTime "9:14:58 PST"]
[Termination "Semen16 won on time"]

1. d4 d5 2. Bg5 Nd7 3. e3 Ngf6 4. Nd2 h6 5. Bh4 e5 6. dxe5 Nxe5 7. Ngf3 Ng6 8. Bg3 h5 9. Bd3 h4 10. Be5 Nxe5 11.
Nxe5 h3 12. g3 Bd6 13. f4 Bxe5 14. fxe5 Ng4 15. Qe2 Qe7 16. e4 dxe4 17. Nxe4 Nxe5 18. O-O-O Bg4 19. Qe3 Bxd1 20. Rxd1 O-O 21. Qf4 Nxd3+ 22. cxd3 Rae8 23. Rf1 f5 24. Ng5 Qe3+ 25. Qxe3 Rxe3 0-1

[Event "Early-Titled-Tuesday-Blitz-February-27-2024"]
[Site "Chess.com"]
[Date "2024.02.27"]
[Round "7"]
[White "SuperBlitz2013"]
[Black "LeninGuerra"]
[Result "1/2-1/2"]
[WhiteElo "2265"]
[BlackElo "2581"]
[TimeControl "180+1"]
[EndTime "9:15:04 PST"]
[Termination "Game drawn by repetition"]

1. e4 c5 2. Nf3 e6 3. d4 cxd4 4. Nxd4 Nc6 5. Nb5 Nf6 6. N1c3 Bb4 7.
a3 Bxc3+ 8. Nxc3 d5 9. exd5 exd5 10. Bd3 O-O 11. O-O h6 12. Re1 Bg4 13. f3 Be6 14. b4 a6 15. Bb2 Qb6+ 16. Kh1 Rfe8 17. Na4 Qd8 18. Nc5 Nh5 19. Nxb7 Qh4 20. Qd2 Re7 21. Nc5 Rae8 22. Nxe6 Rxe6 23. Rxe6 Rxe6 24. Bxa6 Ne7 25. Bd3 Ng6 26. Bxg6 Ng3+ 27. Kg1 Ne2+ 28. Kh1 Ng3+ 29. Kg1 Ne2+ 30. Kh1 Ng3+ 1/2-1/2

[Event "Early-Titled-Tuesday-Blitz-February-27-2024"]
[Site "Chess.com"]
[Date "2024.02.27"]
[Round "7"]
[White "HATilay"]
[Black "ploxoi"]
[Result "1-0"]
[WhiteElo "2633"]
[BlackElo "2468"]
[TimeControl "180+1"]
[EndTime "9:15:05 PST"]
[Termination "HATilay won by checkmate"]

1. e4 c5 2. Nf3 e6 3. d4 cxd4 4. Nxd4 Nc6 5. Nc3 Qc7 6. Be2 Nf6 7. O-O a6 8. Be3 Be7 9. a4 O-O 10. f4 d6 11. Nb3 b6 12. Bf3 Rb8 13. Qe1 Na5 14.
Nd2 Bb7 15. Qg3 Nc4 16. Nxc4 Qxc4 17. e5 Nd7 18. Bxb7 Rxb7 19. Rae1 b5 20. axb5 axb5 21.
f5 dxe5 22. Bh6 e4 23. Qxg7# 1-0

[Event "Early-Titled-Tuesday-Blitz-February-27-2024"]
[Site "Chess.com"]
[Date "2024.02.27"]
[Round "7"]
[White "yosephtaher"]
[Black "HansOnTwitch"]
[Result "0-1"]
[WhiteElo "2930"]
[BlackElo "3156"]
[TimeControl "180+1"]
[EndTime "9:15:07 PST"]
[Termination "HansOnTwitch won by resignation"]

1. c4 e5 2. Nc3 Nf6 3. Nf3 Nc6 4.
a3 d5 5. cxd5 Nxd5 6. e4 Nf4 7.
d4 exd4 8. Bxf4 dxc3 9. Qxd8+ Nxd8 10. bxc3 Ne6 11. Bg3 Bd6 12. Bxd6 cxd6 13. Bb5+ Ke7 14. O-O-O a6 15. Bc4 b5 16. Bd5 Ra7 17. e5 Rd8 18. Bxe6 Bxe6 19. Rxd6 Rxd6 20. exd6+ Kxd6 21. Rd1+ Bd5 22.
Nd4 g6 23. g3 Re7 24. Kd2 Kc5 25. Ra1 a5 26. Rb1 Rb7 27. Kd3 Bc4+ 28. Kd2 b4 29.
axb4+ axb4 30. Ra1 b3 31. Rb1 Bd5 32. Kd3 b2 0-1

[Event "Early-Titled-Tuesday-Blitz-February-27-2024"]
[Site "Chess.com"]
[Date "2024.02.27"]
[Round "7"]
[White "balack95"]
[Black "abelmat"]
[Result "1-0"]
[WhiteElo "2463"]
[BlackElo "2063"]
[TimeControl "180+1"]
[EndTime "9:15:09 PST"]
[Termination "balack95 won by checkmate"]

1. Nf3 Nf6 2. e3 e6 3. b3 d5 4.
Bb2 Be7 5. Be2 O-O 6. O-O b6 7. c4 Bb7 8. Nc3 c5 9. cxd5 exd5 10.
d4 Ne4 11. Rc1 Nxc3 12. Bxc3 Nd7 13. Qd2 Rc8 14. Qb2 Bf6 15. Ne5 Bxe5 16. dxe5 Qg5 17. f4 Qh6 18. Bg4 Rcd8 19. f5 Qxe3+ 20. Kh1 d4 21.
Bd2 Bxg2+ 22. Kxg2 Qxe5 23. Bf4 Qd5+ 24. Kg3 Nf6 25.
Rce1 Ne4+ 26. Kh3 f6 27. Qg2 d3 28. Qxe4 Qxe4 29. Rxe4 d2 30. Rd1 h6 31. Rxd2 Rxd2 32. Bxd2 Rd8 33. Re2 Rd3+ 34. Kg2 b5 35. Bh5 c4 36.
Re8+ Kh7 37. Bg6# 1-0

[Event "Early-Titled-Tuesday-Blitz-February-27-2024"]
[Site "Chess.com"]
[Date "2024.02.27"]
[Round "7"]
[White "NLLO777"]
[Black "pr1105"]
[Result "1-0"]
[WhiteElo "2547"]
[BlackElo "2327"]
[TimeControl "180+1"]
[EndTime "9:15:10 PST"]
[Termination "NLLO777 won by resignation"]

1. e4 e5 2. Nf3 Nc6 3. Bc4 Bc5 4. O-O Nf6 5. d3 d6 6. h3 h6 7. c3 a6 8. a4 Ba7 9. Re1 g5 10. Nh2 Qe7 11. Nd2 Bd7 12. b4 h5 13. Ndf1 g4 14.
h4 Nh7 15. g3 f5 16. exf5 Bxf5 17. Be3 Bxe3 18. Nxe3 Be6 19. Qb3 Bxc4 20. Qxc4 Nf6 21. Nhf1 Qf7 22. d4 d5 23. Qc5 e4 24. b5 Na5 25. Qb4 axb5 26. axb5 b6 27. Nd2 Rf8 28. Nb3 Nd7 29. Rf1 Qf3 30. Nxa5 bxa5 31. Rxa5 Rxa5 32.
Qxa5 Qe2 33. Qxc7 Ke7 34. Nxd5+ 1-0

[Event "Early-Titled-Tuesday-Blitz-February-27-2024"]
[Site "Chess.com"]
[Date "2024.02.27"]
[Round "7"]
[White "Suleyman_Chess06"]
[Black "Flaccidmoves"]
[Result "1-0"]
[WhiteElo "2697"]
[BlackElo "2447"]
[TimeControl "180+1"]
[EndTime "9:15:11 PST"]
[Termination "Suleyman_Chess06 won by checkmate"]

1. Nf3 d5 2. g3 c6 3. d4 Nf6 4.
Bg2 Bf5 5. O-O e6 6. c4 Be7 7.
Nc3 dxc4 8. Ne5 O-O 9. Nxc4 Nbd7 10. e4 Bg6 11. Be3 Nb6 12. Ne5 Nfd7 13. Nxg6 hxg6 14. d5 cxd5 15. exd5 Nxd5 16. Nxd5 exd5 17. Qxd5 Nf6 18.
Qxb7 Rb8 19. Qxa7 Rxb2 20. Rfd1 Qe8 21. Rac1 Ng4 22. Bc6 Qb8 23. Qxe7 Nxe3 24. Qxe3 Rxa2 25. Rd7 Ra6 26. Bd5 Rf6 27. Rc6 Qb1+ 28. Kg2 Qb2 29. Rxf6 Qxf6 30. Qf3 g5 31. Qxf6 gxf6 32. Kf3 Kg7 33.
Kg4 Kg6 34. Be4+ Kg7 35. h4 gxh4 36. Kxh4 Rh8+ 37. Kg4 Rf8 38. Bd5 Kg6 39. Kf4 f5 40. Rd6+ f6 41. Be6 Ra8 42. Bxf5+ Kg7 43. Rd7+ Kg8 44.
Rd4 Ra5 45. Be6+ Kg7 46. Bf5 Re5 47. g4 Rc5 48. f3 Ra5 49. Kg3 Rc5 50. Rd7+ Kf8 51.
Rb7 Ra5 52. Kh4 Ra2 53. Kh5 Ke8 54. Kg6 Ra6 55. Rf7 Rd6 56. Rxf6 Rd8 57. Re6+ Kf8 58.
Rf6+ Kg8 59. Kg5 Kg7 60. Rg6+ Kh8 61. f4 Re8 62. Rh6+ Kg7 63. Rh7+ Kg8 64. Rd7 Rf8 65. Bg6 Rb8 66. f5 Rc8 67. Kh6 Rb8 68. f6 Kh8 69. Rh7+ Kg8 70. f7+ Kf8 71. Rh8+ Ke7 72.
Rxb8 Kf6 73. f8=Q+ Ke5 74. Qf5+ Kd4 75. Rd8+ Ke3 76.
Rd3+ Ke2 77. Qf3+ Ke1 78. Rd1# 1-0

[Event "Early-Titled-Tuesday-Blitz-February-27-2024"]
[Site "Chess.com"]
[Date "2024.02.27"]
[Round "7"]
[White "banhgiahuy2606"]
[Black "kids2010"]
[Result "0-1"]
[WhiteElo "2652"]
[BlackElo "2893"]
[TimeControl "180+1"]
[EndTime "9:15:13 PST"]
[Termination "kids2010 won by resignation"]

1. c4 e5 2. Nc3 Bb4 3. Nd5 Bc5 4. b4 Be7 5. Nxe7 Qxe7 6. Bb2 Nf6 7. a3 O-O 8. e3 b6 9. Nf3 d6 10. Be2 a5 11. d4 e4 12. Nd2 Bf5 13. bxa5 Rxa5 14.
Nb3 Ra8 15. Qd2 h5 16. h3 h4 17. a4 Nc6 18. Bc3 Nd7 19. a5 bxa5 20. Nxa5 Nxa5 21. Rxa5 Rxa5 22. Bxa5 Qg5 23. Rg1 Ra8 24. Bxc7 Bxh3 25. Bxd6 Bxg2 26. Bf4 Qg6 27. f3 Ra1+ 28. Bd1 exf3 29.
Kf2 Nf6 0-1

[Event "Early-Titled-Tuesday-Blitz-February-27-2024"]
[Site "Chess.com"]
[Date "2024.02.27"]
[Round "7"]
[White "kingofthenil"]
[Black "viktorgen2021"]
[Result "1-0"]
[WhiteElo "2746"]
[BlackElo "2530"]
[TimeControl "180+1"]
[EndTime "9:15:15 PST"]
[Termination "kingofthenil won on time"]

1. e4 g6 2. d4 Bg7 3. Nc3 d6 4. h4 h5 5. Bg5 c6 6. Bc4 Nd7 7. Qf3 Ngf6 8. O-O-O e5 9. dxe5 Nxe5 10. Qe2 Nxc4 11. Qxc4 Be6 12. Qb4 c5 13. Qb5+ Bd7 14. Qd3 O-O 15. e5 Bf5 16. Qg3 Ne4 17. Nxe4 Qa5 18.
Nf6+ Bxf6 19. Bxf6 Qxa2 20. Qa3 Qc4 21. Qb3 Qf4+ 22.
Qe3 Qc4 23. Qc3 Qf4+ 24. Rd2 Rad8 25. Nh3 Qa4 26. Qa3 Qc4 27. Qb3 Qa6 28. Qa3 Qc4 29. Bxd8 Rxd8 30. b3 Qc3 31. Qb2 Qa5 32. exd6 c4 33.
bxc4 Qc5 34. Nf4 Rd7 35. Nd5 Rxd6 36. Re1 Be6 37. Nf6+ Kf8 38. Ne4 1-0

[Event "Early-Titled-Tuesday-Blitz-February-27-2024"]
[Site "Chess.com"]
[Date "2024.02.27"]
[Round "7"]
[White "Dyadya81"]
[Black "azikom"]
[Result "1-0"]
[WhiteElo "2851"]
[BlackElo "2626"]
[TimeControl "180+1"]
[EndTime "9:15:16 PST"]
[Termination "Dyadya81 won on time"]

1. e4 c6 2. d3 d5 3. Nf3 dxe4 4.
dxe4 Qxd1+ 5. Kxd1 g6 6. h3 Bh6 7. Bxh6 Nxh6 8. a4 f6 9. e5 Nf7 10. exf6 exf6 11. Bc4 O-O 12. Nbd2 Rd8 13. Re1 Kf8 14.
Ra3 Nd7 15. a5 Nde5 16. Bxf7 Nxf7 17. Kc1 Bf5 18. g4 Bd7 19. Ne4 f5 20. Nf6 fxg4 21. hxg4 h6 22. Ne5 Nxe5 23. Rxe5 Be8 24. Rf3 Bf7 25.
Nh7+ Kg8 26. Re7 Bc4 27. Nf6+ Kf8 28. Rxb7 Be2 29. Nd7+ Kg7 30. Re3 Ba6 31. Re7+ 1-0

[Event "Early-Titled-Tuesday-Blitz-February-27-2024"]
[Site "Chess.com"]
[Date "2024.02.27"]
[Round "7"]
[White "Alexander_Donchenko"]
[Black "vovachesss"]
[Result "1-0"]
[WhiteElo "2904"]
[BlackElo "2769"]
[TimeControl "180+1"]
[EndTime "9:15:17 PST"]
[Termination "Alexander_Donchenko won on time"]

1. e4 Nf6 2. e5 Nd5 3. d4 d6 4. c4 Nb6 5. exd6 exd6 6. Nc3 Be7 7. h3 O-O 8. Nf3 Bf5 9. Be2 Nc6 10. O-O Bf6 11.
Be3 Re8 12. b3 h6 13. Rc1 Qd7 14. Re1 a6 15. Qd2 d5 16. c5 Nc8 17. Bf1 N8e7 18. Bf4 Rad8 19. Ne5 Bxe5 20. Bxe5 Nxe5 21. Rxe5 c6 22. Na4 f6 23. Nb6 Qc7 24. Re3 Bg6 25. Rce1 Nf5 26. Rxe8+ Rxe8 27. Bd3 Rxe1+ 28. Qxe1 Ne7 29.
Qe6+ Kh7 30. Qd6 Qxd6 31. cxd6 c5 32. dxe7 1-0

[Event "Early-Titled-Tuesday-Blitz-February-27-2024"]
[Site "Chess.com"]
[Date "2024.02.27"]
[Round "7"]
[White "urano56"]
[Black "As0nchess"]
[Result "0-1"]
[WhiteElo "2327"]
[BlackElo "2540"]
[TimeControl "180+1"]
[EndTime "9:15:20 PST"]
[Termination "As0nchess won by resignation"]

1. e4 c5 2. Nf3 e6 3. d4 cxd4 4. Nxd4 Nc6 5. Nc3 a6 6. Be3 Nf6 7. Qf3 Bb4 8. Nxc6 bxc6 9. Bd4 d5 10. exd5 exd5 11. O-O-O O-O 12. h3 Re8 13. Bd3 a5 14. Rhe1 Be6 15. g4 Nd7 16. Bf5 c5 17. Bxe6 fxe6 18. Be5 Qg5+ 19. Bf4 Qf6 20. Qg3 Bxc3 21. bxc3 e5 22. Bd2 d4 23. Qd3 Qf7 24. Kb2 Nb6 25. cxd4 cxd4 26. Qb3 Nc4+ 27. Ka1 a4 28. Qd3 Rab8 29.
f4 Nb2 30. Qa3 Nxd1 31. Rxd1 e4 32. f5 e3 33. Be1 Qc4 34. Qd3 Qxd3 35. Rxd3 Re4 36.
a3 Rf4 37. Ka2 Rd8 38. Ba5 Rd5 39. Bb6 e2 0-1

[Event "Early-Titled-Tuesday-Blitz-February-27-2024"]
[Site "Chess.com"]
[Date "2024.02.27"]
[Round "7"]
[White "Alexchess1984"]
[Black "annacramling"]
[Result "1-0"]
[WhiteElo "2712"]
[BlackElo "2107"]
[TimeControl "180+1"]
[EndTime "9:15:21 PST"]
[Termination "Alexchess1984 won by resignation"]

1. e4 e6 2. d4 d6 3. Nf3 Nd7 4. Bf4 Nb6 5. Nc3 Ne7 6. Qd2 Ng6 7. Be3 e5 8. h4 Be7 9. g3 exd4 10. Nxd4 Ne5 11.
O-O-O Bg4 12. Re1 c5 13. Nf5 Bxf5 14. exf5 Nf3 15. Bb5+ Kf8 16. Qd1 Nxe1 17. Rxe1 d5 18. Bf4 a6 19. Bf1 d4 20. Ne4 Nd5 21. Bd2 b5 22. Qg4 f6 23. Bg2 Rc8 24. Qe2 c4 25.
Ng5 fxg5 26. Bxd5 Bf6 27. Bb4+ 1-0

[Event "Early-Titled-Tuesday-Blitz-February-27-2024"]
[Site "Chess.com"]
[Date "2024.02.27"]
[Round "7"]
[White "Ariadna_Atreides"]
[Black "Canal_Showdrez"]
[Result "0-1"]
[WhiteElo "2187"]
[BlackElo "2005"]
[TimeControl "180+1"]
[EndTime "9:15:21 PST"]
[Termination "Canal_Showdrez won by resignation"]

1. d4 Nf6 2. Nf3 g6 3. c4 Bg7 4. Nc3 O-O 5. e4 d6 6. h3 e5 7. d5 Nbd7 8. Be3 Nh5 9. g4 Nf4 10. Qd2 Nc5 11. Bxf4 exf4 12. Qxf4 Bxc3+ 13. bxc3 Nxe4 14. Bd3 Nxc3 15. Kd2 Na4 16. h4 c6 17. h5 Qa5+ 18. Ke2 Re8+ 19. Kf1 Qc3 20. Kg2 Qxd3 21. hxg6 Qxg6 22.
Rh6 Qxg4+ 23. Qg3 Qxg3+ 24. Kxg3 Bf5 25. Rxd6 cxd5 26. Rxd5 Bg6 27. Rg5 Rac8 28. Rc1 Nc5 29. Ne5 Ne4+ 30. Kf4 Nxg5 31. Nxg6 Ne6+ 0-1

[Event "Early-Titled-Tuesday-Blitz-February-27-2024"]
[Site "Chess.com"]
[Date "2024.02.27"]
[Round "7"]
[White "Bilan_Danila"]
[Black "Arlo2024"]
[Result "1-0"]
[WhiteElo "2546"]
[BlackElo "2316"]
[TimeControl "180+1"]
[EndTime "9:15:23 PST"]
[Termination "Bilan_Danila won on time"]

1. d4 Nf6 2. Nf3 g6 3. Bg5 Bg7 4. c3 c5 5. e3 cxd4 6. exd4 O-O 7.
Nbd2 d6 8. Bc4 Nc6 9. O-O Na5 10. Bd3 Be6 11. Re1 Rc8 12. Qe2 a6 13. Bh4 Re8 14.
Ng5 Bd7 15. Qf3 Bc6 16. Nge4 Nxe4 17. Bxe4 Nc4 18. Nxc4 Bxe4 19. Qxe4 d5 20. Bxe7 Qd7 21. Nb6 Qc6 22. Nxd5 1-0

[Event "Early-Titled-Tuesday-Blitz-February-27-2024"]
[Site "Chess.com"]
[Date "2024.02.27"]
[Round "7"]
[White "Bastiandash"]
[Black "Defenstrator"]
[Result "1-0"]
[WhiteElo "2592"]
[BlackElo "2400"]
[TimeControl "180+1"]
[EndTime "9:15:23 PST"]
[Termination "Bastiandash won by resignation"]

1. e4 Nf6 2. Nc3 Nc6 3. d4 e5 4. dxe5 Nxe5 5. f4 Ng6 6. Nf3 Bc5 7. Bc4 Ng4 8. Ng5 d5 9. Bxd5 O-O 10. Bxf7+ Kh8 11. Qxd8 Rxd8 12. Bxg6 Nf2 13. Rf1 Bg4 14.
Nf7+ Kg8 15. Nxd8 Rxd8 16. Rxf2 Bxf2+ 17. Kxf2 hxg6 18. Be3 b6 19. h3 Be6 20. Rd1 Re8 21. g4 c6 22. b3 b5 23. Rd6 a5 24.
Ne2 a4 25. Nd4 axb3 26. axb3 Bf7 27. e5 c5 28. Nxb5 c4 29. bxc4 Bxc4 30. Nd4 g5 31. Nf5 gxf4 32. Bxf4 Kh7 33. Rd7 Rc8 34. Rxg7+ Kh8 35.
Re7 Bg8 36. Bg5 Bh7 37. Bf6+ Kg8 38. Rg7+ Kf8 39. Be7+ Ke8 40. Nd6+ Kd7 41. Nxc8 1-0

[Event "Early-Titled-Tuesday-Blitz-February-27-2024"]
[Site "Chess.com"]
[Date "2024.02.27"]
[Round "7"]
[White "regenda"]
[Black "shirovin"]
[Result "1-0"]
[WhiteElo "2253"]
[BlackElo "2078"]
[TimeControl "180+1"]
[EndTime "9:15:24 PST"]
[Termination "regenda won on time"]

1. Nf3 Nf6 2. g3 g6 3. Bg2 d5 4. O-O Bg7 5. d3 O-O 6. c3 c5 7. Qa4 Nc6 8. Qh4 e5 9. Bg5 Bf5 10. e4 dxe4 11. dxe4 Be6 12. Na3 Qe7 13. Nc2 Rad8 14.
Ne3 b5 15. Rfd1 Rxd1+ 16. Rxd1 Bxa2 17. Ra1 Bb3 18. Ra6 Nd8 19. Ng4 Ne6 20. Nxf6+ Bxf6 21. Bxf6 Qd7 22. Qh6 Qd1+ 23. Bf1 Bc4 24. Nd2 Bxf1 25.
Nxf1 Qf3 26. Rxe6 1-0

[Event "Early-Titled-Tuesday-Blitz-February-27-2024"]
[Site "Chess.com"]
[Date "2024.02.27"]
[Round "7"]
[White "francyIM"]
[Black "Pedrada88"]
[Result "1-0"]
[WhiteElo "2787"]
[BlackElo "2580"]
[TimeControl "180+1"]
[EndTime "9:15:25 PST"]
[Termination "francyIM won by resignation"]

1. e4 c5 2. Nf3 Nc6 3. Bb5 Qb6 4. Nc3 e6 5. O-O Nge7 6. Re1 a6 7. Bf1 Ng6 8. e5 d6 9. exd6 Bxd6 10. b3 O-O 11.
Bb2 e5 12. Ne4 Qc7 13. d3 f5 14. Nxd6 Qxd6 15. Nd2 b5 16. a4 Bb7 17. axb5 axb5 18.
c3 Kh8 19. Qc2 Rxa1 20. Rxa1 Rd8 21. Nf3 Nf4 22. Rd1 e4 23. Ne1 exd3 24. Nxd3 c4 25.
bxc4 bxc4 26. Nxf4 Qxd1 27. Qxf5 Ne7 28. Qg5 Rd7 29.
Ba3 Ng8 30. Bc5 Be4 31. Qh5 Bd3 32. Qxd1 1-0

[Event "Early-Titled-Tuesday-Blitz-February-27-2024"]
[Site "Chess.com"]
[Date "2024.02.27"]
[Round "7"]
[White "Gabrielian_Artur"]
[Black "KuzubovYuriy"]
[Result "0-1"]
[WhiteElo "2790"]
[BlackElo "2960"]
[TimeControl "180+1"]
[EndTime "9:15:28 PST"]
[Termination "KuzubovYuriy won by resignation"]

1. e4 e6 2. d4 d5 3. e5 c5 4. c3 Nc6 5. Nf3 Bd7 6. Be2 Qb6 7. O-O Nh6 8. Na3 cxd4 9. cxd4 Nf5 10. Nc2 Be7 11.
Bd3 Rc8 12. Bxf5 exf5 13. Bg5 Bf8 14. Rb1 h6 15. Bd2 Be7 16. b4 g5 17. b5 Nb8 18.
e6 Bxe6 19. Ne5 Nd7 20. Re1 Nxe5 21. Rxe5 Bf6 22. Re1 O-O 23. Bb4 Rfe8 24. Bc5 Qa5 25. b6 axb6 26. Rxb6 Qxa2 27. Nb4 Qc4 28. Rxb7 f4 29.
h3 Bf5 30. Nc6 Bg6 31. Ne7+ Bxe7 32. Rbxe7 Rxe7 33. Rxe7 Rb8 34. Qe2 Rb1+ 35. Kh2 Qc1 36. Re8+ Kh7 0-1

[Event "Early-Titled-Tuesday-Blitz-February-27-2024"]
[Site "Chess.com"]
[Date "2024.02.27"]
[Round "7"]
[White "viktorskliarov"]
[Black "JJDAREK"]
[Result "1-0"]
[WhiteElo "2581"]
[BlackElo "2413"]
[TimeControl "180+1"]
[EndTime "9:15:28 PST"]
[Termination "viktorskliarov won by checkmate"]

1. e4 d6 2. d4 g6 3. Nc3 Bg7 4. Be3 a6 5. Qd2 b5 6. f3 Bb7 7. g4 Nd7 8. h4 h6 9. a4 b4 10.
Nd5 a5 11. Bc4 e6 12. Nf4 Qe7 13. Nge2 Ngf6 14. O-O-O Nb6 15. Bb3 Bc6 16. g5 hxg5 17. hxg5 Rxh1 18. Rxh1 Nfd7 19. Rh7 Qf8 20. d5 exd5 21.
Nxd5 Bxd5 22. Bxd5 O-O-O 23. Qd3 Kb8 24. Qa6 Qg8 25.
Qb7# 1-0

[Event "Early-Titled-Tuesday-Blitz-February-27-2024"]
[Site "Chess.com"]
[Date "2024.02.27"]
[Round "7"]
[White "aistrel"]
[Black "Doublekk14"]
[Result "1-0"]
[WhiteElo "2545"]
[BlackElo "2309"]
[TimeControl "180+1"]
[EndTime "9:15:30 PST"]
[Termination "aistrel won on time"]

1. d4 Nf6 2. Nc3 d5 3. Bf4 e6 4. Nb5 Na6 5. e3 c6 6. Nc3 Nc7 7. Nf3 Bd6 8. Bd3 O-O 9. Ne5 Bb4 10. Qf3 Nce8 11. g4 Nd6 12. Bg5 Bxc3+ 13. bxc3 h6 14.
h4 Nde4 15. Bxe4 dxe4 16. Qg2 c5 17. Bxf6 gxf6 18. g5 h5 19. gxf6+ 1-0

[Event "Early-Titled-Tuesday-Blitz-February-27-2024"]
[Site "Chess.com"]
[Date "2024.02.27"]
[Round "7"]
[White "GHANDEEVAM2003"]
[Black "vi_pranav"]
[Result "1-0"]
[WhiteElo "3052"]
[BlackElo "3113"]
[TimeControl "180+1"]
[EndTime "9:15:31 PST"]
[Termination "GHANDEEVAM2003 won by checkmate"]

1. a3 g6 2. d4 Bg7 3. e4 d6 4. Nc3 Nc6 5. Be3 Nf6 6. f3 e5 7. d5 Ne7 8. Qd2 c6 9. g4 cxd5 10. exd5 O-O 11. h4 h5 12. g5 Ne8 13. Ne4 Nf5 14.
Bf2 Bd7 15. c4 b6 16. Ne2 Rc8 17. Rc1 f6 18. Bh3 fxg5 19. Qxg5 Qxg5 20. hxg5 Kf7 21. b4 Rh8 22. Kd2 Bf8 23. Rc3 Be7 24. f4 exf4 25. Nxf4 Neg7 26. c5 bxc5 27. bxc5 dxc5 28. Nd3 Rhd8 29.
Ne5+ Kg8 30. Nxg6 Bf8 31. Nf6+ Kf7 32. Ne5+ Ke7 33. Nexd7 Nd4 34. Re1+ Kd6 35. Bg3# 1-0

[Event "Early-Titled-Tuesday-Blitz-February-27-2024"]
[Site "Chess.com"]
[Date "2024.02.27"]
[Round "7"]
[White "nindjaxx8"]
[Black "Zkid"]
[Result "0-1"]
[WhiteElo "2659"]
[BlackElo "2918"]
[TimeControl "180+1"]
[EndTime "9:15:32 PST"]
[Termination "Zkid won by resignation"]

1. d4 Nf6 2. c4 c5 3. d5 b5 4. cxb5 a6 5. e3 axb5 6. Bxb5 Qa5+ 7. Nc3 Bb7 8. Bd2 Qb6 9. Qb3 e6 10. e4 exd5 11. exd5 Bd6 12. Nf3 O-O 13. O-O Na6 14.
a4 Nc7 15. a5 Rxa5 16. Rxa5 Qxa5 17. Ne4 Qxb5 18. Nxf6+ gxf6 19. Qc3 Nxd5 20. Qc2 Ba6 21. Re1 Qd3 22. Qc1 Nc7 23. Bf4 Re8 24. Bxd6 Rxe1+ 25. Qxe1 Qxd6 26. h3 Ne6 27. Qe3 Bb7 28. Nh4 Qf4 29.
Qxf4 Nxf4 30. Nf5 Bxg2 31. h4 Be4 32. Ng3 d5 33. Kf1 Nd3 34. b3 Nc1 0-1

[Event "Early-Titled-Tuesday-Blitz-February-27-2024"]
[Site "Chess.com"]
[Date "2024.02.27"]
[Round "7"]
[White "GreenPeach24"]
[Black "MyDream003"]
[Result "0-1"]
[WhiteElo "2482"]
[BlackElo "2719"]
[TimeControl "180+1"]
[EndTime "9:15:32 PST"]
[Termination "MyDream003 won by resignation"]

1. d4 Nf6 2. Bf4 g6 3. Nc3 d5 4. e3 Bg7 5. Be2 O-O 6. h4 c5 7.
h5 Nc6 8. hxg6 hxg6 9. Nf3 Bg4 10. Ne5 Bxe2 11. Qxe2 cxd4 12. Nxc6 bxc6 13. exd4 c5 14.
Be5 cxd4 15. Bxd4 e5 16. Bxe5 Re8 17. f4 Nd7 18. O-O-O Nxe5 19. fxe5 Rxe5 20. Qf3 Rb8 21. Nxd5 Qg5+ 22. Kb1 Rxd5 23. c3 Rdb5 24. b3 Qc5 25. Rd3 Qa3 26. Rd7 Rxb3+ 27. axb3 Rxb3+ 28. Kc2 Rxc3+ 29. Qxc3 Qxc3+ 30. Kd1 Qb3+ 31. Ke1 Qe6+ 0-1

[Event "Early-Titled-Tuesday-Blitz-February-27-2024"]
[Site "Chess.com"]
[Date "2024.02.27"]
[Round "7"]
[White "Kazancev_Valerij_M"]
[Black "MusicCityMaster"]
[Result "0-1"]
[WhiteElo "2402"]
[BlackElo "2563"]
[TimeControl "180+1"]
[EndTime "9:15:33 PST"]
[Termination "MusicCityMaster won on time"]

1. c4 e5 2. g3 c6 3. d4 exd4 4.
Qxd4 d5 5. cxd5 Nf6 6. Nc3 cxd5 7. Bg5 Be7 8. Rd1 Nc6 9. Qa4 Be6 10. Bg2 O-O 11. Nf3 h6 12. Bf4 a6 13. O-O Qb6 14.
Qc2 Rac8 15. Qb1 Rfd8 16. Na4 Qa5 17. b3 b5 18. Bd2 Bb4 19. Nb2 Bxd2 20. Nxd2 Nb4 21. a4 Nc2 22. axb5 axb5 23. Nd3 Nd4 24. Rfe1 b4 25. e3 Nb5 26. Qb2 Nc3 27. Ra1 Qb5 28. Bf1 Nfe4 29. Nf4 Qb6 30. Nxe6 Qxe6 0-1

[Event "Early-Titled-Tuesday-Blitz-February-27-2024"]
[Site "Chess.com"]
[Date "2024.02.27"]
[Round "7"]
[White "Savagelittlemole"]
[Black "ChessSwole"]
[Result "0-1"]
[WhiteElo "2442"]
[BlackElo "2689"]
[TimeControl "180+1"]
[EndTime "9:15:34 PST"]
[Termination "ChessSwole won on time"]

1. e4 c5 2. Ne2 Nc6 3. g3 g6 4.
Bg2 Bg7 5. O-O e6 6. Nbc3 Nge7 7. d3 d5 8. exd5 exd5 9. Nf4 d4 10. Ne4 b6 11. h4 O-O 12. Nh3 Bf5 13. Bg5 f6 14.
Bf4 Nd5 15. Qf3 Qd7 16. Nd6 Be6 17. Rfe1 Ne5 18. Qxd5 Bxd5 19. Bxd5+ Kh8 20. Bxa8 Rxa8 21. Bxe5 fxe5 22. Ng5 Rf8 23. Nc4 Qf5 24. Re2 b5 25. Nd6 Qd7 26. Nde4 h6 27. Nxc5 Qg4 28. Re4 Qf5 29.
Nge6 Qxf2+ 30. Kh1 Rf3 31. Rg1 Qxc2 32. Nxg7 Rf2 0-1

[Event "Early-Titled-Tuesday-Blitz-February-27-2024"]
[Site "Chess.com"]
[Date "2024.02.27"]
[Round "7"]
[White "phantom19801127"]
[Black "Felix-Rose"]
[Result "1-0"]
[WhiteElo "2535"]
[BlackElo "2265"]
[TimeControl "180+1"]
[EndTime "9:15:35 PST"]
[Termination "phantom19801127 won on time"]

1. d4 d5 2. Nf3 Nf6 3. c4 e6 4. Nc3 Nbd7 5. Bg5 Be7 6. e3 h6 7. Bh4 O-O 8. cxd5 Nxd5 9. Bg3 Nxc3 10. bxc3 c5 11. Bd3 Nf6 12. O-O b6 13. Qb1 Bb7 14. e4 Nh5 15. Be5 f6 16. Bg3 Nxg3 17. hxg3 Kh8 18. Qb3 Qd7 19. Rfe1 cxd4 20. cxd4 Rac8 21.
Nh4 Rfe8 22. Rad1 a5 23. Ng6+ Kg8 24. Bc4 Bb4 25. Re3 b5 26. Bf1 Qc6 27. a3 Bd6 28.
Bxb5 1-0